 Dungeon Crawl Stone Soup version 0.29.1-14-g9c671dbff4 (webtiles) character file.

Game seed: 16292599815346097759

367 Heoruswealwe the Magician (level 6, -1/32 HPs)
             Began as a Deep Elf Summoner on Feb 19, 2023.
             Was a Follower of Fedhas.
             Slain by Duvessa
             ... wielding a +1 short sword of speed
              (15 damage)
             ... on level 4 of the Dungeon on Feb 20, 2023.
             The game lasted 00:44:03 (5391 turns).

Heoruswealwe the Magician (Deep Elf Summoner)       Turns: 5391, Time: 00:44:03

Health: -1/32      AC:  5    Str:  5    XL:     6   Next: 41%
Magic:  14/19      EV: 12    Int: 22    God:    Fedhas [*.....]
Gold:   160        SH:  0    Dex: 15    Spells: 14/18 levels left

rFire   . . .      SeeInvis .   V - +0 long sword (holy)
rCold   . . .      Faith    .   (no shield)
rNeg    . . .      Spirit   .   a - +0 robe
rPois   +          Reflect  .   (helmet restricted)
rElec   .          Harm     .   K - +0 cloak
rCorr   .          Rampage  .   g - +0 pair of gloves
Will    .....      Clarity  +   z - +0 pair of boots
Stlth   ++........              (no amulet)
HPRegen 0.10/turn               (no ring)
MPRegen 0.16/turn               (no ring)

@: no status effects
A: antennae 1, clarity, high MP 1, poison resistance, evolution 1
a: Renounce Religion


You were on level 4 of the Dungeon.
You worshipped Fedhas.
Fedhas was aware of your devotion.
You visited 1 branch of the dungeon, and saw 4 of its levels.

You collected 160 gold pieces.

Inventory:

Hand Weapons
 d - a +0 club
 f - a +0 spear
 h - a +0 dagger
 k - a +0 dagger
 l - a +0 dagger of venom
 n - a +0 whip
 o - a +0 dagger
 p - a +0 hand axe
 q - a +0 dagger
 s - a +0 halberd
 t - a +0 club
 v - a +0 hand axe
 w - a +0 whip
 x - a +0 club
 y - a +0 whip
 A - a +0 dagger
 B - a +0 hand axe
 D - a +0 hand axe
 E - a +0 trident
 G - a +0 shortbow
 H - a +0 mace
 I - a +1 dagger of chaos
 L - a +0 dagger
 M - a +0 quarterstaff
 N - a +0 club
 O - a +0 dagger
 P - a +1 falchion
 R - a +0 trident
 S - a +0 mace
 T - a +0 dagger
 V - a +0 long sword of holy wrath (weapon)
 Y - a +0 dagger
Missiles
 e - 35 stones
Armour
 a - a +0 robe (worn)
 g - a +0 pair of gloves (worn)
 i - a +0 ring mail
 u - a +0 robe
 z - a +0 pair of boots (worn)
 C - a +0 ring mail
 F - a +0 leather armour
 J - a +0 ring mail
 K - a +0 cloak (worn)
 Q - a +0 leather armour
 U - a +0 leather armour
 Z - a +0 robe
Jewellery
 W - a ring of fire
Wands
 r - a wand of iceblast (7)
Scrolls
 c - a scroll of blinking
 j - 2 scrolls of immolation
Potions
 b - 2 potions of magic
 m - a potion of brilliance
 X - a potion of degeneration {unknown}


   Skills:
 - Level 2.4 Dodging
 - Level 2.4 Stealth
 + Level 6.8 Spellcasting
 + Level 6.7 Summonings


You had 14 spell levels left.
You knew the following spells:

 Your Spells              Type           Power      Damage    Failure   Level
a - Summon Small Mammal   Summ           100%       N/A       1%          1
b - Call Canine Familiar  Summ           37%        N/A       1%          3

Your spell library contained the following spells:

 Spells                   Type           Power      Damage    Failure   Level
 Call Imp                 Summ           37%        N/A       1%          2
 Summon Guardian Golem    Hex/Summ       22%        N/A       6%          3
 Magic Dart               Conj           28%        1d4       9%          1
 Shock                    Conj/Air       28%        1d4       9%          1
 Static Discharge         Conj/Air       7%         3-4/arc   13%         2
 Summon Lightning Spire   Summ/Air       22%        N/A       21%         4
 Mephitic Cloud           Conj/Pois/Air  7%         N/A       26%         3
 Swiftness                Air            7%         N/A       26%         3
 Airstrike                Air            3%         2d(1-17)  63%         4
 Dispel Undead            Necr           7%         3d8       63%         4
 Sticky Flame             Conj/Fire      7%         2d3       63%         4


Dungeon Overview and Level Annotations

Branches:
Dungeon (4/15)
 Temple: D:4-7

Altars:
Fedhas
Makhleb
Ru
Xom
Yredelemnul
The Shining One

Annotations:
D:4 Duvessa


Innate Abilities, Weirdness & Mutations

You have a pair of small antennae on your head.
You possess an exceptional clarity of mind.
You have an increased reservoir of magic. (+10% MP)
Your system is resistant to poisons. (rPois)
You have hidden genetic potential.


Message History

Dowan mumbles some strange words.
Dowan blinks!
You slash Dowan!
You kill Dowan!
Fedhas appreciates your contribution to the ecosystem.
You hear a distant scream of rage.
X - a bubbling dark potion
Things that are here:
a +0 dagger; a +0 robe
Y - a +0 dagger;
Z - a +0 robe Duvessa, Sister of Dowan comes into view.
She is wielding a +1 short sword of speed.
You swap places.
Duvessa goes berserk!
Your hound bites Duvessa but does no damage.
Your hound closely misses Duvessa.
Duvessa barely misses your hound.
Your hound bites Duvessa.
Duvessa closely misses your hound.
Duvessa hits your hound with a +1 short sword of speed.
Your hound bites Duvessa.
Duvessa hits your hound with a +1 short sword of speed.
Your hound bites Duvessa but does no damage.
Duvessa hits your hound with a +1 short sword of speed!
Your hound dies!
Your hound's corpse disappears in a puff of smoke!
Casting: Call Canine Familiar (safe; 1% risk of failure)
Confirm with . or Enter, or press ? or * to list all spells.
Duvessa closely misses you. Duvessa misses you.
Duvessa hits you with a +1 short sword of speed!
You swap places.
Your hound bites Duvessa.
Duvessa closely misses your hound.
Duvessa hits your hound with a +1 short sword of speed!!
Your hound dies!
Your hound's corpse disappears in a puff of smoke!
Duvessa shouts!
Casting: Call Canine Familiar (safe; 1% risk of failure)
Confirm with . or Enter, or press ? or * to list all spells.
Duvessa barely misses you.
Your hound barely misses Duvessa.
You swap places.
Duvessa misses you.
Your hound bites Duvessa.
Duvessa hits you with a +1 short sword of speed!
You die...
Fedhas appreciates your contribution to the ecosystem.

### ### #.### ##.###
#...#### #....#
#..@...########....#
#..eh..............#
#.####>............#
#.# #.รท............
........#
#..............
........#
#..............
........#
#.....>........
.....#..#
##.............
.....#.##
##............


You could see Duvessa (berserk, ally target) and a friendly hound (summoned).

Vanquished Creatures
  A scorpion (D:4)
  Dowan (D:4)
  A howler monkey (D:4)
  A crimson imp (D:3)
  A gnoll (D:4)
  An adder (D:4)
  A giant cockroach (D:4)
  A goblin (D:4)
  2 hobgoblins (D:1)
  A jackal (D:2)
  A quokka (D:1)
  A rat (D:1)
  8 bushes (D:1)
21 creatures vanquished.

Vanquished Creatures (collateral kills)
  An orc priest (D:3)
  2 gnolls (D:4)
  5 adders
  2 worms
  5 orcs
  A bat (D:1)
  5 endoplasms
  2 giant cockroaches
  4 goblins
  5 hobgoblins
  4 jackals
  5 kobolds
  A quokka (D:1)
  3 ball pythons (D:1)
  5 frilled lizards
  3 rats
53 creatures vanquished.

Grand Total: 74 creatures vanquished

Notes
Turn   | Place    | Note
-------+----------+-------------------------------------------
     0 | D:1      | Heoruswealwe the Deep Elf Summoner began the quest for the
                  | Orb.
     0 | D:1      | Reached XP level 1. HP: 10/10 MP: 6/6
   180 | D:1      | Reached XP level 2. HP: 14/15 MP: 4/8
  1309 | D:1      | Reached XP level 3. HP: 19/19 MP: 7/10
  1313 | D:1      | Learned a level 3 spell: Call Canine Familiar
  1544 | D:2      | Reached skill level 5 in Summonings
  2087 | D:2      | Reached XP level 4. HP: 21/24 MP: 12/12
  4103 | D:3      | Reached skill level 5 in Spellcasting
  4202 | D:3      | Found a shimmering altar of Xom.
  4202 | D:3      | Found a burning altar of Makhleb.
  4215 | D:3      | Reached XP level 5. HP: 7/28 MP: 8/14
  4365 | D:3      | Found a faded altar of an unknown god.
  4383 | D:3      | Prayed at the altar of an unknown god.
  4383 | D:3      | Became a worshipper of Fedhas Madash
  4383 | D:3      | Reached * piety under Fedhas
  4524 | D:3      | Found a sacrificial altar of Ru.
  4525 | D:3      | Found a basalt altar of Yredelemnul.
  4872 | D:3      | Found a glowing golden altar of the Shining One.
  5050 | D:3      | Gained mutation: You have an increased reservoir of magic.
                  | (+10% MP) [potion of mutation]
  5050 | D:3      | Gained mutation: You have hidden genetic potential. [potion
                  | of mutation]
  5050 | D:3      | Gained mutation: You have a pair of small antennae on your
                  | head. [potion of mutation]
  5050 | D:3      | Gained mutation: Your system is resistant to poisons.
                  | (rPois) [potion of mutation]
  5195 | D:4      | Reached XP level 6. HP: 12/32 MP: 14/18
  5231 | D:4      | Gained mutation: You possess an exceptional clarity of
                  | mind. [hidden potential]
  5361 | D:4      | Noticed Dowan
  5371 | D:4      | Killed Dowan
  5378 | D:4      | Noticed Duvessa
  5391 | D:4      | Slain by Duvessa

Illustrated notes

Levels and vault maps discovered:
D:1:      dpeg_arrival_court, layout_loops_ring, dreamdust_princess_bridge,
          feat_on_display
D:2:      layout_basic
D:3:      layout_loops_ring, grunt_temple_overflow_champion_of_chaos,
          lemuel_coloured_pillars_altar, minitemple,
          hellmonk_ecumenical_altar_arch_garden
D:4:      minmay_clustersquares, layout_cave_pods,
          nicolae_overflow_crystal_walls, amcnicky_altar_gilded,
          serial_column_ruins, column_ruins_hut, column_ruins_hut,
          column_ruins_open_tiny, column_ruins_grid_1, column_ruins_grid_2,
          column_ruins_open_small, column_ruins_columns_straight,
          column_ruins_columns_corner, uniq_duvessa

Skill      XL: |  1  2  3  4  5 |
---------------+----------------+-----
Spellcasting   | 4 5 6 |  6.8
Summonings     | 5 6 |  6.7
Dodging        | |  2.4
Stealth        | |  2.4

Action                   |  1- 3 |  4- 6 || total
-------------------------+-------+-------++-------
Melee: Dagger            |   236 |     4 ||   240
       Punch             |     6 |    26 ||    32
       Hand axe          |       |  1311 ||  1311
       Falchion          |       |    16 ||    16
       Long sword        |       |     8 ||     8
 Cast: Summon Small Mamm |    25 |       ||    25
       Call Canine Famil |     4 |    17 ||    21
  Use: Scroll            |     4 |     4 ||     8
       Potion            |       |     3 ||     3
Armor: Robe              |     7 |     9 ||    16
Dodge: Dodged            |    19 |    28 ||    47
